 Dungeon Crawl Stone Soup version 0.23-a0-677-g07611c5 (webtiles) character file.

7093 Blackhawk the Schismatic (level 11, 0/87 HPs)
             Began as a Formicid Abyssal Knight on Jan 9, 2019.
             Was an Elder of Lugonu.
             Slain by Erica
             ... wielding a +4 scimitar of flaming
              (4 damage)
             ... on level 9 of the Dungeon.
             The game lasted 00:25:04 (12739 turns).

Blackhawk the Schismatic (Formicid Abyssal Knight) Turns: 12739, Time: 00:25:05

Health: 0/87       AC: 17    Str: 20    XL:     11   Next: 30%
Magic:  17/17      EV: 19    Int: 12    God:    Lugonu [****..]
Gold:   445        SH:  0    Dex: 15    Spells: 10/10 levels left

rFire    + . .     SeeInvis +   v - +0 battleaxe
rCold    . . .     Gourm    .   (no shield)
rNeg     + . .     Faith    +   f - +4 scale mail {rF+}
rPois    .         Spirit   .   (helmet unavailable)
rElec    .         Reflect  .   D - +0 cloak
rCorr    .         Harm     .   (no gloves)
MR       +....                  w - +2 pair of boots {Fly}
Stlth    ++........             g - amulet of faith
HPRegen  0.24/turn              h - ring of stealth
MPRegen  0.15/turn              z - ring of positive energy

@: agile, lethally poisoned (0 -> -1), flying
A: permanent stasis, dig shafts and tunnels, four strong arms, antennae 3
a: Dig, Shaft Self, Depart the Abyss, Bend Space, Banish, Corrupt, Renounce
Religion, Stop Flying


You were on level 9 of the Dungeon.
You worshipped Lugonu.
Lugonu was greatly pleased with you.
You were not hungry.

You visited 1 branch of the dungeon, and saw 9 of its levels.
You visited the Abyss 1 time.

You collected 445 gold pieces.

Inventory:

Hand Weapons
 a - a +1 hand axe
 v - a +0 battleaxe (weapon)
Missiles
 y - 2 throwing nets (quivered)
Armour
 f - a +4 scale mail of fire resistance (worn)
 w - a +2 pair of boots of flying (worn)
 D - a +0 cloak (worn)
Jewellery
 g - an amulet of faith (around neck)
 h - a ring of stealth (left hand)
 i - an uncursed amulet of the gourmand {unknown}
 z - a ring of positive energy (right hand)
 E - an uncursed amulet of the acrobat {unknown}
Wands
 A - a wand of digging (4)
Scrolls
 d - a scroll of remove curse
 j - a scroll of amnesia
 l - 3 scrolls of enchant armour
 p - 5 scrolls of fog
 q - 2 scrolls of magic mapping
Potions
 b - a potion of lignification {unknown}
 e - a potion of agility
 s - a potion of brilliance
 t - 3 potions of magic {unknown}
 u - 2 potions of mutation {unknown}
 x - 2 potions of experience {unknown}
 B - a potion of flight {unknown}
Comestibles
 c - 13 rations


   Skills:
 + Level 8.9 Fighting
 + Level 7.8 Axes
 + Level 8.6 Armour
 + Level 6.9 Dodging
 + Level 9.2 Invocations


You had 10 spell levels left.
You didn't know any spells.
Your spell library contained the following spells:

 Spells                   Type           Power        Failure   Level  Hunger
 Animate Skeleton         Necr           N/A          63%         1    ##.....
 Apportation              Tloc           #.....       63%         1    ##.....
 Confusing Touch          Hex            #.....       63%         1    ##.....
 Flame Tongue             Conj/Fire      #....        63%         1    ##.....
 Summon Small Mammal      Summ           #...         63%         1    ##.....
 Throw Flame              Conj/Fire      #.....       77%         2    ###....
 Conjure Flame            Conj/Fire      #.......     94%         3    ####...
 Inner Flame              Hex/Fire       #.......     94%         3    ####...
 Sticky Flame             Conj/Fire      #.......     100%        4    #####..
 Fireball                 Conj/Fire      #.........   100%        5    ######.


Dungeon Overview and Level Annotations

Branches:
Dungeon (9/15)             Temple (0/1) D:4            Lair (0/6) D:8
    Orc: D:9-12

Altars:
Uskayaw

Annotations:
D:9 Erica
Abyss:1 Grinder, Maurice


Innate Abilities, Weirdness & Mutations

You cannot be hasted, slowed, berserked, paralysed or teleported.
You can dig through walls and to a lower floor.
Your four strong arms can wield two-handed weapons with a shield.
You have a pair of large antennae on your head. (SInv)


Message History

Erica hits you with a +4 scimitar of flaming!
* * * LOW HITPOINT WARNING * * *
Erica burns you.
* * * LOW HITPOINT WARNING * * *
You barely miss Erica.
Erica is heavily wounded.
You feel sick. Erica closely misses you.
You barely miss Erica.
Erica is heavily wounded.
You feel sick. Erica gestures at you while chanting.
The orb of energy hits you!
* * * LOW HITPOINT WARNING * * *
The orb of energy explodes!
Erica hits you but does no damage.
You feel agile all of a sudden.
You hit Erica.
Erica is severely wounded.
You feel sick.
Erica hits you with a +4 scimitar of flaming.
You die...

#....................#
#....................#
#....................#
#....................#
#....................#
#....................#
#............[........
#....<................
#....@................
#....@................
#..............?...<..
#.....................
#...............$.....
#.....................
#.....................
#.....................
...........


You could see Erica (invisible).

Vanquished Creatures
  Gastronok (D:9)
  Pikel (D:6)
  Joseph (D:9)
  A hornet (D:8)
  2 hippogriffs
  Sigmund (D:3)
  A wyvern (D:8)
  A hungry ghost (D:8)
  Menkaure (D:6)
  2 water moccasins
  2 porcupines
  An orc warrior (D:6)
  A slave (D:6)
  A black bear (D:7)
  3 ice beasts
  2 phantoms
  3 ogres
  3 centaurs
  Blork the orc (D:6)
  3 bullfrogs
  A wyvern skeleton (D:6)
  5 scorpions
  4 wights
  4 howler monkeys
  A centaur zombie (D:7)
  A crimson imp (D:8)
  4 hounds
  2 orc priests
  2 jellies (D:5)
  Crazy Yiuf (D:6)
  A bullfrog skeleton (D:5)
  2 iguanas
  Terence (D:2)
  8 orc wizards
  5 worker ants
  A hell rat (D:8)
  A worker ant zombie (D:5)
  A howler monkey skeleton (D:5)
  4 adders
  3 river rats (D:8)
  An ooze (D:6)
  An adder zombie (D:8)
  An adder skeleton (D:8)
  2 dart slugs
  7 leopard geckos
  18 orcs
  3 ball pythons
  7 bats
  5 giant cockroaches
  5 goblins
  4 hobgoblins
  16 jackals
  A quokka (D:8)
  8 frilled lizards
  A giant cockroach zombie (D:6)
  A jackal skeleton (D:4)
  A jackal zombie (D:8)
  5 kobolds
  A leopard gecko skeleton (D:4)
  6 rats
178 creatures vanquished.

Vanquished Creatures (others)
  2 slaves (D:7)
2 creatures vanquished.

Grand Total: 180 creatures vanquished

Notes
Turn   | Place    | Note
-------+----------+-------------------------------------------
     0 | Abyss:1  | Blackhawk the Formicid Abyssal Knight began the quest for
                  | the Orb.
     0 | Abyss:1  | Reached XP level 1. HP: 18/18 MP: 2/2
    43 | Abyss:1  | Noticed a large abomination
    44 | D:1      | Escaped the Abyss
   114 | D:1      | Reached skill level 1 in Dodging
   169 | D:1      | Reached * piety under Lugonu
   169 | D:1      | Reached XP level 2. HP: 24/24 MP: 3/3
   500 | D:1      | Reached XP level 3. HP: 29/29 MP: 4/4
   961 | D:2      | Noticed Terence
   979 | D:2      | Killed Terence
   979 | D:2      | Reached XP level 4. HP: 26/37 MP: 4/6
  1080 | D:2      | Found a hide-covered altar of Uskayaw.
  1312 | D:2      | Reached ** piety under Lugonu
  1517 | D:2      | Reached skill level 3 in Invocations
  1934 | D:3      | Noticed Sigmund
  2111 | D:3      | Reached XP level 5. HP: 21/42 MP: 7/7
  2536 | D:3      | Killed Sigmund
  2536 | D:3      | Reached XP level 6. HP: 40/49 MP: 8/8
  3048 | D:4      | You fall through a shaft!
  3048 | D:5      | Entered Level 5 of the Dungeon
  3235 | D:4      | Found a staircase to the Ecumenical Temple.
  3463 | D:4      | Reached skill level 4 in Invocations
  3577 | D:4      | Reached XP level 7. HP: 28/55 MP: 10/10
  5527 | D:5      | Reached skill level 5 in Fighting
  5659 | D:5      | Noticed a hungry ghost
  5762 | D:5      | Reached XP level 8. HP: 50/62 MP: 11/11
  5831 | D:5      | Reached *** piety under Lugonu
  5959 | D:5      | Noticed Grinder
  5966 | D:5      | Banished Grinder
  5966 | D:5      | Reached skill level 5 in Invocations
  6455 | D:6      | Noticed Blork the orc
  6576 | D:5      | Reached skill level 5 in Armour
  6881 | D:6      | Killed Blork the orc
  7151 | D:6      | Reached skill level 5 in Axes
  7227 | D:6      | Reached XP level 9. HP: 69/69 MP: 13/13
  7370 | D:6      | Reached skill level 6 in Invocations
  7718 | D:6      | Found a runed door.
  7745 | D:6      | Noticed Menkaure
  7753 | D:6      | Killed Menkaure
  8062 | D:6      | Noticed Crazy Yiuf
  8068 | D:6      | Killed Crazy Yiuf
  8180 | D:7      | Reached **** piety under Lugonu
  8340 | D:7      | Reached skill level 5 in Dodging
  8382 | D:7      | Noticed Pikel
  8392 | D:7      | Noticed a hippogriff
  8554 | D:6      | Killed a hippogriff
  8554 | D:6      | Reached skill level 7 in Invocations
  8558 | D:6      | Killed Pikel
  8558 | D:6      | Reached XP level 10. HP: 19/79 MP: 15/15
  9636 | D:8      | Reached skill level 8 in Invocations
 10090 | D:8      | Noticed a death yak
 10091 | D:8      | Found a staircase to the Lair.
 10091 | D:8      | Noticed a death yak
 10092 | D:8      | Noticed a death yak
 11408 | D:8      | Noticed Maurice
 11418 | D:8      | Banished Maurice
 11920 | D:9      | Noticed Joseph
 11936 | D:9      | Killed Joseph
 12044 | D:9      | Noticed Gastronok
 12065 | D:9      | Killed Gastronok
 12065 | D:9      | Reached skill level 9 in Invocations
 12065 | D:9      | Reached XP level 11. HP: 27/87 MP: 17/17
 12653 | D:9      | Noticed Erica
 12739 | D:9      | HP: 4/87 [poisoned by Erica (bolt of poison)]
 12739 | D:9      | Slain by Erica

Vault maps used:
D:1:      dpeg_arrival_court
D:2:      lemuel_round_altar, st_stairs_12, uniq_terence
D:3:      uniq_sigmund
D:4:      temple_statues
D:5:      first_ration, uniq_grinder
D:6:      uniq_crazy_yiuf_cottage, uniq_menkaure, uniq_blork_the_orc
D:7:      grunt_ogre_cave, uniq_pikel
D:8:      dpeg_lair_monsters, uniq_maurice
D:9:      uniq_joseph, uniq_erica, uniq_gastronok

Skill      XL: |  1  2  3  4  5  6  7  8  9 10 |
---------------+-------------------------------+-----
Dodging        | 1 2 3 4 5 6 |  6.9
Invocations    | 3 4 5 7 9 |  9.2
Armour         | 3 4 5 6 8 |  8.6
Fighting       | 4 5 6 7 8 |  8.9
Axes           | 3 4 5 6 7 |  7.8

Action                   |  1- 3 |  4- 6 |  7- 9 | 10-12 || total
-------------------------+-------+-------+-------+-------++-------
Melee: Hand axe          |    71 |   144 |   191 |       ||   406
       Battleaxe         |       |       |   260 |   256 ||   516
Invok: Depart the Abyss  |     1 |       |       |       ||     1
       Banish            |       |       |     1 |     1 ||     2
       Bend Space        |       |       |     1 |       ||     1
  Use: Potion            |       |     3 |       |     1 ||     4
       Scroll            |       |     4 |       |    12 ||    16
 Stab: Invisible         |       |     1 |       |       ||     1
       Distracted        |       |       |       |     1 ||     1
  Eat: Chunk             |       |     5 |    19 |     5 ||    29
       Ration            |       |     1 |     1 |     4 ||     6
Armor: Leather armour    |    26 |       |       |       ||    26
       Scale mail        |       |    65 |   273 |   176 ||   514
Dodge: Dodged            |    36 |    75 |   341 |   192 ||   644

Table legend:
 A = Non-vault XP
 B = Vault XP
 C = Vault XP percentage of total XP
 D = Non-vault monster count
 E = Vault monster count
 F = Vault count percentage of total count
                 A         B        C        D         E       F
            +---------+---------+-------+---------+---------+-------
      Total |    5431 |    4702 |  46.4 |     159 |      20 |  11.2
            +---------+---------+-------+---------+---------+-------
        D:1 |      58 |       0 |   0.0 |      34 |       0 |   0.0
        D:2 |      25 |      40 |  61.5 |      14 |       2 |  12.5
        D:3 |      78 |     227 |  74.4 |       6 |       1 |  14.3
        D:4 |     281 |       0 |   0.0 |      15 |       0 |   0.0
        D:5 |     888 |     136 |  13.3 |      23 |       1 |   4.2
        D:6 |    1421 |    1077 |  43.1 |      26 |       5 |  16.1
        D:7 |     679 |     121 |  15.1 |      16 |       1 |   5.9
        D:8 |    1850 |     562 |  23.3 |      22 |       8 |  26.7
        D:9 |     151 |    2539 |  94.4 |       3 |       2 |  40.0
            +---------+---------+-------+---------+---------+-------
